 Dungeon Crawl Stone Soup version 0.23.2-40-g277498a001 (webtiles) character file.

Game seed: 2121640644921115817

65 ANON1729 the Skirmisher (level 3, -5/29 HPs)
             Began as a Mummy Chaos Knight on Oct 20, 2019.
             Was a Plaything of Xom.
             Slain by a rakshasa
             ... wielding a +0 trident
              (16 damage)
             ... on level 2 of the Abyss.
             The game lasted 00:05:09 (2079 turns).

ANON1729 the Skirmisher (Mummy Chaos Knight)        Turns: 2079, Time: 00:05:11

Health: -5/29      AC:  5    Str: 15    XL:     3   Next: 92%
Magic:  3/3        EV:  8    Int: 12    God:    Xom [....*.]
Gold:   85         SH:  7    Dex: 11    Spells: 2/2 levels left

rFire    x . .     SeeInvis .   a - +1 spear (chaos)
rCold    + . .     Gourm    .   f - +0 shield
rNeg     + + +     Faith    .   b - +2 leather armour
rPois    ∞         Spirit   .   (no helmet)
rElec    .         Reflect  .   (no cloak)
rCorr    .         Harm     .   (no gloves)
MR       .....                  (no boots)
Stlth    +.........             h - amulet of magic regeneration
HPRegen  0.09/turn              (no ring)
MPRegen  0.33/turn              (no ring)

@: no status effects
A: no food or potions, fire vulnerability, cold resistance 1, negative energy
resistance 3, torment resistance, unbreathing
a: Renounce Religion


You were on level 2 of the Abyss.
You worshipped Xom.
You were a beloved toy of Xom.
You were not hungry.

You visited 1 branch of the dungeon, and saw 2 of its levels.
You visited the Abyss 1 time.

You collected 85 gold pieces.

Inventory:

Hand Weapons
 a - a +1 spear of chaos (weapon)
Armour
 b - a +2 leather armour (worn)
 f - a +0 shield (worn)
 g - a +0 scale mail
Jewellery
 h - an amulet of magic regeneration (around neck)
Scrolls
 i - a scroll of magic mapping {unknown}
 j - a scroll of remove curse {unknown}
 k - a scroll of torment


   Skills:
 + Level 3.6 Fighting
 + Level 3.0 Polearms
 - Level 2.0 Armour
 + Level 1.7 Dodging


You had 2 spell levels left.
You didn't know any spells.
Your spell library was empty.

Dungeon Overview and Level Annotations

Branches:
Dungeon (2/15)

Altars:
Nemelex Xobeh


Innate Abilities, Weirdness & Mutations

You do not eat or drink.
Your flesh is vulnerable to fire.
You are immune to poison.
Your flesh is cold resistant. (rC+)
You are immune to negative energy. (rN+++)
You are immune to unholy pain and torment.
You can survive without breathing.


Message History

Lightning courses through the rakshasa!
The rakshasa is lightly wounded.
The rakshasa barely misses you.
Attack whom?
Press: ? - help, Dir - move target cursor, f/p - rakshasa
Aim: a rakshasa, wielding a +0 trident and wearing a +0 robe (lightly wounded)
You reach to attack!
You hit the rakshasa but do no damage.
The rakshasa is lightly wounded.
The rakshasa hits you from afar with a +0 trident.
The ufetubus hits you but does no damage. x2
Attack whom?
Press: ? - help, Dir - move target cursor, f/p - rakshasa
Aim: a rakshasa, wielding a +0 trident and wearing a +0 robe (lightly wounded)
The ufetubus is in the way.
You miss the ufetubus.
The ufetubus hits you but does no damage.
The ufetubus hits you.
The rakshasa hits you from afar with a +0 trident!
Ouch! That really hurt!
You die...
Xom bursts into laughter!

. ####. .###
.... . .#
...###...
......#
#.#...##
###.....#.#
###5R#.....#
.
#.@#...R..##
.
####.#....###
. ..#..##...#
. .##. .# ..
# #. #.
#..... ## #
#'# #
####...R..
..... # #
#............
.# .##.......
. .. ..
#.#... ......
.


You could see a rakshasa and an ufetubus.

Vanquished Creatures
  Terence (D:2)
  An ufetubus (Abyss:2)
  2 dart slugs (D:1)
  2 leopard geckos (D:2)
  A ball python (D:1)
  A bat (D:1)
  4 goblins
  4 hobgoblins
  10 kobolds
  2 rats
28 creatures vanquished.

Notes
Turn   | Place    | Note
-------+----------+-------------------------------------------
     0 | D:1      | ANON1729 the Mummy Chaos Knight began the quest for the
                  | Orb.
     0 | D:1      | Reached XP level 1. HP: 18/18 MP: 1/1
   204 | D:1      | Reached skill level 1 in Dodging
   237 | D:1      | Reached XP level 2. HP: 18/24 MP: 2/2
   534 | D:1      | XOM: harmless Summ miscast
  1010 | D:2      | XOM: divination: detect items
  1036 | D:2      | Found a sparkling altar of Nemelex Xobeh.
  1047 | D:2      | Noticed Terence
  1071 | D:2      | XOM: divination: detect items
  1073 | D:2      | XOM: summons 1 hostile demon
  1109 | D:2      | XOM: potion effect (might)
  1117 | D:2      | XOM: 1-stop teleportation journey
  1385 | D:2      | Reached XP level 3. HP: 22/29 MP: 3/3
  1434 | D:2      | XOM: scenery: 1 doors close
  1840 | D:2      | Killed Terence
  1891 | D:2      | XOM: god gift: scroll labeled BUYTUR WIDELIU {god gift}
  1923 | D:2      | XOM is BORED!
  1923 | D:2      | XOM: severe Summ miscast
  1923 | D:2      | Cast into level 2 of the Abyss (the severe capriciousness
                  | of Xom)
  2002 | Abyss:2  | Noticed a ynoxinul
  2018 | Abyss:2  | XOM: confuse monster(s)
  2023 | Abyss:2  | Noticed a worldbinder
  2055 | Abyss:2  | Noticed a rakshasa
  2072 | Abyss:2  | XOM: summons friendly ufetubus
  2079 | Abyss:2  | Slain by a rakshasa

Skill      XL: |  1  2  3 |
---------------+----------+-----
Dodging        | 1 |  1.7
Armour         | 2 |  2.0
Polearms       | 3 |  3.0
Fighting       | |  3.6

Action                   || total
-------------------------++-------
Melee: Spear             ||   106
  Use: Scroll            ||     5
 Stab: Paralysed         ||     1
Armor: Leather armour    ||    26
Dodge: Dodged            ||    44
Block: Shield            ||    21
